 Dungeon Sprint DCSS version 0.29-a0-517-gbdf32494f2 (webtiles) character file.

Game seed: 5871784832346206576

40239 mhtbhm the Wrestler (level 13, -38/127 HPs)
             Began as a Troll Transmuter on May 30, 2022.
             Was an Initiate of Gozag.
             Killed from afar by Tiamat (52 damage)
             ... with a searing blast
             ... in the Dungeon (Sprint VII: "The Pits").
             The game lasted 00:15:46 (3971 turns).

mhtbhm the Wrestler (Troll Transmuter)              Turns: 3971, Time: 00:15:47

Health: -38/127    AC: 13    Str: 21    XL:     13   Next: 73%
Magic:  27/27      EV: 13    Int: 13    God:    Gozag
Gold:   2671       SH:  0    Dex: 10    Spells: 19/34 levels left

rFire   . . .      SeeInvis +     - Unarmed
rCold   + . .      Faith    .   (no shield)
rNeg    . . .      Spirit   .   a - +0 robe
rPois   +          Reflect  .   A - +0 mask of the Dragon {Will+ Slay+3 SInv}
rElec   +          Harm     .   p - +0 cloak
rCorr   .          Rampage  .   (gloves unavailable)
Will    +....      NoTele   +   (boots unavailable)
Stlth   +++.......              w - amulet of the acrobat
HPRegen 1.11/turn               y - ring "Omafimm" {Fly rElec rPois rC+ AC+4}
MPRegen 0.20/turn               x - +4 ring of protection

@: gold aura, on berserk cooldown, flying
A: large, unfitting armour, claws 3, regeneration 1, shaggy fur 1, tough skin 1
a: Renounce Religion, Potion Petition, Call Merchant, Bribe Branch


You were in the Dungeon.
You worshipped Gozag.
Gozag was most pleased with you.
You visited 1 branch You collected 10715 gold pieces.
You spent 1976 gold pieces at shops.
You paid 6068 gold pieces to Gozag.

Inventory:

Missiles
 q - 4 throwing nets
Armour
 a - a +0 robe (worn)
 p - a +0 cloak (worn)
 A - the +0 mask of the Dragon (worn) {Will+ Slay+3 SInv}
   (You found it in the Dungeon)

   Slay:      It affects your accuracy & damage with ranged weapons and melee
   (+3).
   SInv:      It lets you see invisible.
   Will:      It increases your willpower.
Jewellery
 t - the ring "Leit" {rPois rCorr}
   (You bought it in a shop in the Dungeon)

   [ring of resist corrosion]

   rPois:     It protects you from poison.
   rCorr:     It protects you from acid and corrosion.
 v - a ring of see invisible
 w - an amulet of the acrobat (around neck)
 x - a +4 ring of protection (right claw)
 y - the ring "Omafimm" (left claw) {Fly rElec rPois rC+ AC+4}
   (You bought it in a shop in the Dungeon)

   [ring of protection]

   AC:        It affects your AC (+4).
   rC:        It protects you from cold.
   rElec:     It insulates you from electricity.
   rPois:     It protects you from poison.
   Fly:       It grants you flight.
 z - the ring "Xorcha Luim" {rF- AC+4 Str+2 Dex+6 Stlth+}
   (You found it in the Dungeon)

   [ring of protection]

   AC:        It affects your AC (+4).
   Str:       It affects your strength (+2).
   Dex:       It affects your dexterity (+6).
   rF:        It makes you vulnerable to fire.
   Stlth:     It makes you more stealthy.
Scrolls
 h - 3 scrolls of blinking
 j - 5 scrolls of amnesia
 k - 4 scrolls of enchant armour
 s - 4 scrolls of enchant weapon
 u - a scroll of identify
Potions
 b - a potion of lignification
 c - 6 potions of curing
 e - a potion of haste
 f - 4 potions of magic
 g - a potion of berserk rage
 i - a potion of invisibility
 n - a potion of might
 o - 3 potions of brilliance


   Skills:
 + Level 8.1 Fighting
 + Level 11.7 Dodging
 + Level 5.9 Stealth
 + Level 23.4 Unarmed Combat
 + Level 11.0 Spellcasting
 + Level 12.2 Transmutations
 + Level 5.2 Ice Magic
 + Level 2.5 Poison Magic


You had 19 spell levels left.
You knew the following spells:

 Your Spells              Type           Power      Damage    Failure   Level
a - Beastly Appendage     Tmut           78%        N/A       1%          1
b - Wereblood             Tmut           39%        N/A       1%          2
c - Spider Form           Tmut/Pois      26%        N/A       1%          3
d - Ice Form              Ice/Tmut       29%        N/A       2%          4
e - Blade Hands           Tmut           19%        N/A       1%          5

Your spell library contained the following spells:

 Spells                   Type           Power      Damage    Failure   Level
 Portal Projectile        Hex/Tloc       14%        N/A       30%         3
 Tukima's Dance           Hex            7%         N/A       30%         3
 Hailstorm                Conj/Ice       13%        3d5       34%         4
 Simulacrum               Ice/Necr       Unusable   N/A       N/A         6

Dungeon Overview and Level Annotations

Branches:
Dungeon (1/1)

Altars:
Ashenzari
Cheibriados
Dithmenos
Elyvilon
Fedhas
Gozag
Hepliaklqana
Kikubaaqudgha
Makhleb
Nemelex Xobeh
Okawaru
Qazlal
Ru
Sif Muna
Trog
Uskayaw
Vehumet
Wu Jian
Xom
Yredelemnul
Zin
The Shining One
Beogh
Jiyva
Lugonu

Shops:
D :*:=

Annotations:
D Tiamat


Innate Abilities, Weirdness & Mutations

You are too large for most types of armour.
You have claws for hands.
Your natural rate of healing is unusually fast.
You are covered in fur. (AC +1)
You have tough skin. (AC +1)


Message History

Unknown command.
You slice Tiamat!!
Tiamat is almost dead.
Your claws revert to their normal proportions.
You feel yourself speed up.
You feel yourself slow down.
You feel a little less mighty now.
Your resistance to elements expires.
Unknown command.
You closely miss Tiamat.
Tiamat is almost dead.
Tiamat breathes fire at you. The searing blast misses you.
Unknown command.
Unknown command.
You barely miss Tiamat. You claw Tiamat!
Tiamat is almost dead.
Tiamat hits you with a +1 glaive of flaming!!!
Tiamat burns you. Tiamat tail-slaps you!
* * * LOW HITPOINT WARNING * * *
You barely miss Tiamat.
Tiamat is almost dead.
Unknown command.
Unknown command.
Press: ? - help, v - describe, . - travel
Here: Tiamat, wielding a +1 glaive of flaming and wearing the +4 dragonskin cloak (almost dead)
The floor, spattered with blood.
Unknown command.
You scratch Tiamat.
Tiamat is almost dead.
Tiamat closely misses you. Tiamat tail-slaps you!!
* * * LOW HITPOINT WARNING * * *
You scratch Tiamat but do no damage. You claw Tiamat, but do no damage.
Tiamat is almost dead.
Unknown command.
Unknown command.
You scratch Tiamat but do no damage.
Tiamat is almost dead.
Tiamat breathes fire at you. The searing blast hits you!!!
You die...
Your body crumbles into a pile of gold.

..# #'# #'#
#.# #☼# #.#
#'# #)# #@#
### #d#
##.###'# +...
#)# #'$# #'#
## #'# #.#
##.###d###'#
+...'.).##.##
#+.##'.##...#


You could see Tiamat (catching breath).

Vanquished Creatures
  A golden dragon (D)
  A pearl dragon (D)
  2 bone dragons (D)
  An electric golem (D)
  A Tzitzimitl (D)
  A Brimstone Fiend (D)
  A hellephant (D)
  2 Hell Sentinels (D)
  3 shadow dragons (D)
  An emperor scorpion (D)
  2 fire giants (D)
  An orc warlord (D)
  2 reapers (D)
  A draconian shifter (D)
  A white draconian (D)
  A purple draconian (D)
  An eidolon (D)
  A blizzard demon (D)
  2 great orbs of eyes (D)
  Harold (D)
  2 boulder beetles (D)
  A merfolk avatar (D)
  A death knight (D)
  A death yak (D)
  2 spriggan druids (D)
  A phantasmal warrior (D)
  2 orc sorcerers (D)
  A manticore (D)
  A cyclops (D)
  Joseph (D)
  A black mamba (D)
  A cane toad (D)
  An orange demon (D)
  A demonic crawler (D)
  A komodo dragon (D)
  A hellion (D)
  An efreet (D)
  A gargoyle (D)
  An ice devil (D)
  An unseen horror (D)
  2 polar bears (D)
  A red devil (D)
  A hornet (D)
  A tyrant leech (D)
  5 blink frogs (D)
  A wraith (D)
  A fire elemental (D)
  4 fire bats (D)
  3 vampire mosquitoes (D)
  A ynoxinul (D)
  A neqoxec (D)
  A redback (D)
  A chaos spawn (D)
  Menkaure (D)
  A warg (D)
  An acid dragon (D)
  2 floating eyes (D)
  A water moccasin (D)
  2 orc warriors (D)
  2 swamp drakes (D)
  Pargi (D)
  A black bear (D)
  2 ogres (D)
  A centaur (D)
  A kobold brigand (D)
  A bullfrog (D)
  An earth elemental (D)
  9 wights (D)
  A hound (D)
  An orc priest (D)
  3 iguanas (D)
  2 hell rats (D)
  2 orc wizards (D)
  A small abomination (D)
  2 gnolls (D)
  2 adders (D)
  A river rat (D)
  A white imp (D)
  2 worms (D)
  7 orcs (D)
  A bat (D)
  A bat skeleton (D)
  A hobgoblin (D)
  A quokka (D)
  A bat simulacrum (D)
  A frilled lizard (D)
  A kobold (D)
  A rat (D)
133 creatures vanquished.

Notes
Turn   | Place    | Note
-------+----------+-------------------------------------------
     0 | D        | mhtbhm the Troll Transmuter began the quest for the Orb.
     0 | D        | Reached XP level 1. HP: 18/18 MP: 1/1
    25 | D        | Reached skill level 4 in Unarmed Combat
    25 | D        | Reached XP level 2. HP: 17/26 MP: 0/3
    50 | D        | Found a bloodstained altar of Trog.
    50 | D        | Found a shimmering blue altar of Sif Muna.
    50 | D        | Found a viscous altar of Jiyva.
    50 | D        | Found a hazy altar of Hepliaklqana.
    50 | D        | Found an opulent altar of Gozag.
    51 | D        | Found a glowing golden altar of the Shining One.
    51 | D        | Found a glowing silver altar of Zin.
    51 | D        | Found a basalt altar of Yredelemnul.
    51 | D        | Found a shimmering altar of Xom.
    51 | D        | Found an ornate altar of the Wu Jian Council.
    51 | D        | Found a sacrificial altar of Ru.
    51 | D        | Found a stormy altar of Qazlal.
    51 | D        | Found an iron altar of Okawaru.
    51 | D        | Found a sparkling altar of Nemelex Xobeh.
    51 | D        | Found a burning altar of Makhleb.
    51 | D        | Found a blossoming altar of Fedhas.
    51 | D        | Found a white marble altar of Elyvilon.
    51 | D        | Found a shadowy altar of Dithmenos.
    51 | D        | Found a snail-covered altar of Cheibriados.
    54 | D        | Found a corrupted altar of Lugonu.
    54 | D        | Found a radiant altar of Vehumet.
    55 | D        | Found an ancient bone altar of Kikubaaqudgha.
    55 | D        | Found a hide-covered altar of Uskayaw.
    55 | D        | Found a broken altar of Ashenzari.
    58 | D        | Became a worshipper of Gozag Ym Sagoz the Greedy
    74 | D        | Learned a level 2 spell: Wereblood
    78 | D        | Noticed a floating eye
    80 | D        | Killed a floating eye
    81 | D        | Reached skill level 1 in Fighting
    81 | D        | Reached skill level 7 in Unarmed Combat
    81 | D        | Reached XP level 3. HP: 33/33 MP: 0/6
    81 | D        | Reached XP level 4. HP: 41/41 MP: 0/7
   143 | D        | Learned a level 3 spell: Spider Form
   191 | D        | Noticed Pargi
   200 | D        | Reached XP level 5. HP: 41/48 MP: 1/8
   204 | D        | Killed Pargi
   205 | D        | Reached skill level 8 in Unarmed Combat
   237 | D        | Learned a level 4 spell: Ice Form
   320 | D        | Noticed an ogre
   337 | D        | Reached XP level 6. HP: 57/57 MP: 5/10
   345 | D        | Reached skill level 5 in Dodging
   345 | D        | Reached skill level 9 in Unarmed Combat
   345 | D        | Reached skill level 1 in Poison Magic
   356 | D        | Reached skill level 5 in Transmutations
   356 | D        | Reached XP level 7. HP: 55/66 MP: 4/12
   358 | D        | Reached skill level 10 in Unarmed Combat
   593 | D        | Reached skill level 1 in Stealth
   671 | D        | Noticed a gargoyle
   677 | D        | Reached skill level 11 in Unarmed Combat
   677 | D        | Reached XP level 8. HP: 75/75 MP: 8/14
   683 | D        | Killed a gargoyle
   684 | D        | Reached skill level 5 in Spellcasting
   852 | D        | Noticed Harold
   862 | D        | Killed Harold
   863 | D        | Reached skill level 12 in Unarmed Combat
   863 | D        | Reached skill level 1 in Ice Magic
   863 | D        | Reached XP level 9. HP: 48/84 MP: 10/16
   915 | D        | Noticed an ice devil
   915 | D        | Noticed an efreet
   927 | D        | Killed an ice devil
   928 | D        | Reached skill level 13 in Unarmed Combat
   965 | D        | Killed an efreet
  1021 | D        | Noticed a manticore
  1031 | D        | Killed a manticore
  1032 | D        | Reached skill level 14 in Unarmed Combat
  1041 | D        | Noticed a black mamba
  1041 | D        | Noticed a merfolk avatar
  1042 | D        | Noticed a death yak
  1046 | D        | Killed a black mamba
  1054 | D        | Killed a merfolk avatar
  1055 | D        | Reached XP level 10. HP: 92/92 MP: 15/18
  1057 | D        | Killed a death yak
  1058 | D        | Reached skill level 15 in Unarmed Combat
  1268 | D        | Reached skill level 16 in Unarmed Combat
  1291 | D        | Noticed Joseph
  1300 | D        | Killed Joseph
  1317 | D        | Noticed an orc sorcerer
  1323 | D        | Killed an orc sorcerer
  1330 | D        | Noticed a cane toad
  1334 | D        | Killed a cane toad
  1335 | D        | Reached skill level 17 in Unarmed Combat
  1383 | D        | Noticed a spriggan druid
  1387 | D        | Noticed a phantasmal warrior
  1394 | D        | Noticed a spriggan druid
  1394 | D        | Noticed a great orb of eyes
  1398 | D        | Noticed Menkaure
  1400 | D        | Killed a spriggan druid
  1401 | D        | Reached XP level 11. HP: 101/101 MP: 18/21
  1403 | D        | Killed a phantasmal warrior
  1405 | D        | Killed a great orb of eyes
  1406 | D        | Reached skill level 5 in Fighting
  1429 | D        | Killed a spriggan druid
  1430 | D        | Reached skill level 18 in Unarmed Combat
  1436 | D        | Noticed a great orb of eyes
  1443 | D        | Killed Menkaure
  1452 | D        | Killed a great orb of eyes
  1712 | D        | Reached skill level 19 in Unarmed Combat
  1785 | D        | Noticed a boulder beetle
  1797 | D        | Killed a boulder beetle
  2025 | D        | Noticed a boulder beetle
  2045 | D        | Killed a boulder beetle
  2069 | D        | Bought the ring "Leit" {rPois rCorr} for 436 gold pieces
  2069 | D        | Bought the ring "Omafimm" {Fly rElec rPois rC+ AC+4} for
                  | 886 gold pieces
  2164 | D        | Bought a book of Weapons for 420 gold pieces
  2170 | D        | Learned a level 5 spell: Blade Hands
  2241 | D        | Bought a potion of curing for 39 gold pieces
  2241 | D        | Bought a ring of see invisible for 195 gold pieces
  2245 | D        | Found the +0 mask of the Dragon {Will+ Slay+3 SInv}
  2245 | D        | Noticed a reaper
  2245 | D        | Noticed a fire giant
  2245 | D        | Noticed an orc warlord
  2245 | D        | Noticed an orc sorcerer
  2250 | D        | Reached skill level 10 in Dodging
  2255 | D        | Killed a fire giant
  2256 | D        | Reached XP level 12. HP: 92/115 MP: 12/23
  2267 | D        | Reached skill level 20 in Unarmed Combat
  2268 | D        | Killed a reaper
  2273 | D        | Killed an orc warlord
  2277 | D        | Reached skill level 10 in Transmutations
  2303 | D        | Got the ring "Xorcha Luim" {rF- AC+4 Str+2 Dex+6 Stlth+}
  2467 | D        | Noticed a Hell Sentinel
  2480 | D        | Killed a Hell Sentinel
  2481 | D        | Reached skill level 5 in Ice Magic
  2558 | D        | Noticed a death knight
  2564 | D        | Killed a death knight
  2567 | D        | Noticed a shadow dragon
  2572 | D        | Killed a shadow dragon
  2573 | D        | Reached skill level 21 in Unarmed Combat
  2575 | D        | Noticed a bone dragon
  2583 | D        | Killed a bone dragon
  2818 | D        | Noticed a hellephant
  2827 | D        | Killed a hellephant
  2996 | D        | Noticed a purple draconian
  2996 | D        | Noticed a shadow dragon
  2996 | D        | Noticed a Tzitzimitl
  2996 | D        | Noticed an eidolon
  2996 | D        | Noticed an emperor scorpion
  2996 | D        | Noticed a Brimstone Fiend
  2996 | D        | Noticed a fire giant
  2996 | D        | Noticed a shadow dragon
  3026 | D        | Killed a shadow dragon
  3032 | D        | Killed a Brimstone Fiend
  3037 | D        | Killed a Tzitzimitl
  3038 | D        | Reached skill level 22 in Unarmed Combat
  3038 | D        | Reached XP level 13. HP: 82/124 MP: 18/25
  3044 | D        | Killed a shadow dragon
  3045 | D        | Reached skill level 10 in Spellcasting
  3049 | D        | Killed a purple draconian
  3052 | D        | Killed an emperor scorpion
  3057 | D        | Killed a fire giant
  3085 | D        | Killed an eidolon
  3271 | D        | Noticed an electric golem
  3281 | D        | Killed an electric golem
  3347 | D        | Noticed a purple draconian shifter
  3349 | D        | Killed a purple draconian shifter
  3352 | D        | Noticed a pearl dragon
  3354 | D        | Killed a pearl dragon
  3355 | D        | Reached skill level 5 in Stealth
  3357 | D        | Noticed a reaper
  3372 | D        | Killed a reaper
  3375 | D        | Noticed a blizzard demon
  3378 | D        | Killed a blizzard demon
  3724 | D        | Noticed a white draconian
  3726 | D        | Killed a white draconian
  3727 | D        | Noticed a bone dragon
  3737 | D        | Killed a bone dragon
  3738 | D        | Reached skill level 23 in Unarmed Combat
  3740 | D        | Noticed a golden dragon
  3746 | D        | Killed a golden dragon
  3922 | D        | Noticed a Hell Sentinel
  3928 | D        | Killed a Hell Sentinel
  3929 | D        | Found the +4 dragonskin cloak
  3929 | D        | Noticed Tiamat
  3940 | D        | HP: 7/190 [Tiamat/+1 glaive of flaming (3)]
  3971 | D        | Killed from afar by Tiamat

Illustrated notes

Levels and vault maps discovered:
D:        pitsprint [storerooms_1, entrance_room_1, metal_vault_8, armoury_3,
          mini_pit_1, grid_room_1, main_hall_1, silver_pit, the_coven_3,
          the_vestibule_1, steel_vault_1, golden_pit, hallway_of_sentries,
          crystal_vault_1, iron_vault_1, final_vault]

Skill      XL: |  1  2  3  4  5  6  7  8  9 10 11 12 13 |
---------------+----------------------------------------+-----
Dodging        | 2 3 4 5 6 7 8 10 11 | 11.7
Unarmed Combat | 4 7 8 9 11 12 14 17 19 22 23 | 23.4
Fighting       | 1 2 3 4 6 7 8 |  8.1
Spellcasting   | 2 3 4 5 6 7 8 9 11 | 11.0
Transmutations | 3 4 5 6 8 9 11 12 | 12.2
Poison Magic   | 1 2 |  2.5
Stealth        | 1 2 3 4 5 |  5.9
Ice Magic      | 1 2 4 5 |  5.2

Action                   |  1- 3 |  4- 6 |  7- 9 | 10-12 | 13-15 || total
-------------------------+-------+-------+-------+-------+-------++-------
Melee: Unarmed           |    12 |    44 |    69 |   228 |    92 ||   445
       Kick              |     2 |     3 |     1 |       |       ||     6
       Headbutt          |       |     2 |       |       |       ||     2
       Punch             |       |       |       |    15 |    18 ||    33
 Cast: Beastly Appendage |     1 |     2 |       |       |       ||     3
       Wereblood         |     1 |     3 |     6 |    11 |     5 ||    26
       Spider Form       |       |     2 |       |     2 |       ||     4
       Ice Form          |       |       |     6 |     8 |       ||    14
       Blade Hands       |       |       |       |     6 |     7 ||    13
Invok: Call Merchant     |       |       |       |     4 |       ||     4
       Potion Petition   |       |       |       |     2 |     3 ||     5
  Use: Potion            |       |       |       |    17 |    10 ||    27
       Scroll            |       |       |       |     3 |     2 ||     5
 Stab: Distracted        |       |       |       |     2 |     1 ||     3
       Sleeping          |       |       |       |     2 |     5 ||     7
       Invisible         |       |       |       |       |     2 ||     2
Armor: Robe              |     3 |     4 |       |    21 |    27 ||    55
       Skin              |       |     2 |    14 |    37 |       ||    53
Dodge: Dodged            |     5 |    38 |    31 |    99 |    42 ||   215

Table legend: (Time is in decaauts)
 A = Elapsed time spent in this place.
 B = Non-inter-level travel time spent in this place.
 C = Inter-level travel time spent in this place.
 D = Time resting spent in this place.
 E = Time spent auto-exploring this place.
 F = Levels seen in this place.
 G = Mean time per level.
                   A        B        C        D        E       F      G
               +--------+--------+--------+--------+--------+-----+--------+
         Total |   3822 |   3813 |      9 |   2083 |      0 |   1 | 3822.0 |
       Dungeon |   3822 |   3813 |      9 |   2083 |      0 |   1 | 3822.0 |
               +--------+--------+--------+--------+--------+-----+--------+

Top non-repeatable levels by time:
       D: 3822 daAuts
